 Dungeon Crawl Stone Soup version 0.29-a0-369-gd956c00756 (webtiles) character file.

Game seed: 12258084779403741345

43 mandarbmax the Insei (level 3, -3/23 HPs)
             Began as an Octopode Transmuter on May 1, 2022.
             Was a Believer of Jiyva.
             Slain by Sigmund
             ... wielding a +0 scythe
              (8 damage)
             ... on level 2 of the Dungeon.
             The game lasted 00:03:31 (1539 turns).

mandarbmax the Insei (Octopode Transmuter)          Turns: 1539, Time: 00:03:32

Health: -3/23      AC:  1    Str:  6 (9)  XL:     3   Next: 58%
Magic:  6/6        EV: 13    Int: 16 (17) God:    Jiyva [**....]
Gold:   48         SH:  0    Dex: 10 (12) Spells: 2/6 levels left

rFire   + . .      SeeInvis .     - Unarmed
rCold   + . .      Faith    .   (no shield)
rNeg    . . .      Spirit   .   (helmet currently unavailable)
rPois   +          Reflect  .   (no amulet)
rElec   +          Harm     .   (no ring)
rCorr   +          Rampage  .   (no ring)
Will    .....                   (no ring)
Stlth   ++........              (no ring)
HPRegen 1.03/turn               (no ring)
MPRegen 0.40/turn               (no ring)
                                (no ring)
                                (no ring)

@: appendages (expiring), resistant
A: tentacle spike 3, almost no armour, amphibious, 8 rings, camouflage 1,
gelatinous body 1, (nimble swimmer 1), tentacles
a: End Transformation, Renounce Religion


You were on level 2 of the Dungeon.
You worshipped Jiyva.
Jiyva was pleased with you.
One of your tentacles had grown a beastly spike.
You visited 1 branch of the dungeon, and saw 2 of its levels.

You collected 48 gold pieces.

Inventory:

Missiles
 c - a throwing net
Scrolls
 d - a scroll of identify
 g - a scroll of enchant armour
Potions
 a - a potion of lignification
 e - a potion of might {unknown}
 f - a potion of resistance


   Skills:
 - Level 1.0 Fighting
 + Level 2.4 Dodging
 - Level 4.0 Unarmed Combat
 + Level 2.3 Spellcasting
 - Level 2.0 Transmutations


You had 2 spell levels left.
You knew the following spells:

 Your Spells              Type           Power      Damage    Failure   Level
a - Beastly Appendage     Tmut           16%        N/A       9%          1
b - Wereblood             Tmut           8%         N/A       13%         2
z - Animate Skeleton      Necr           2%         N/A       21%         1

Your spell library contained the following spells:

 Spells                   Type           Power      Damage    Failure   Level
 Pain                     Necr           4%         1d4       21%         1
 Summon Small Mammal      Summ           4%         N/A       21%         1
 Spider Form              Tmut/Pois      5%         N/A       36%         3
 Call Canine Familiar     Summ           1%         N/A       52%         3
 Summon Guardian Golem    Hex/Summ       1%         N/A       52%         3
 Vampiric Draining        Necr           1%         2d6       52%         3
 Ice Form                 Ice/Tmut       5%         N/A       78%         4


Dungeon Overview and Level Annotations

Branches:
Dungeon (2/15)

Altars:
Jiyva

Annotations:
D:2 Sigmund


Innate Abilities, Weirdness & Mutations

One of your tentacles has grown a beastly spike.
You cannot wear most types of armour.
You are amphibious.
You can wear up to eight rings at the same time.
Your skin changes colour to match your surroundings (Stealth+).
Your rubbery body absorbs attacks. (AC +1, EV +1)
((You are camouflaged when in or above water. (Stealth+)))
You have tentacles for arms and can constrict up to eight enemies at once.


Message History

Your tentacle spike disappears.
There is a stone staircase leading up here.
There is a stone staircase leading up here.
Sigmund the Dreaded comes into view.
He is wielding a +0 scythe.
Sigmund is nearby!
One of your tentacles grows a vicious spike.
Sigmund shouts!
You aren't carrying any items that you can evoke.
Okay, then.
It was a potion of resistance.
You feel protected. Sigmund casts a spell at you.
You resist with significant effort.
You hear an angry hiss.
Sigmund points at you and mumbles some strange words.
You are confused.
Unknown command.
Your transformation is almost over.
Sigmund closely misses you.
Sigmund casts a spell.
Sigmund flickers and vanishes!
Deactivating autopickup; reactivate with Ctrl-A.
You're too confused to move!
You hear some strange, mumbled words.
A magic dart appears from out of thin air!
The magic dart hits you. Something hits you.
You're too confused to move!
You feel less confused.
It was a potion of degeneration.
There was something very wrong with that liquid.
You feel weakened.
You feel dopey.
You feel clumsy. Something hits you!
Ouch! That really hurt!
* * * LOW HITPOINT WARNING * * *
As you read the scroll labelled KUBBADD ALOCKI, it crumbles to dust.
It is a scroll of identify.
g - a scroll of enchant armour Something hits you!
You die...

.## ... .## ### ..#
#.# ####{### #......#
#.##@#.# #....
#.##.#.# #...#
#.##.#.# #...#
#.##.#.# #...#
#......# ######...###
####.#####...........
##.#.#..<...........
##.###..##...........
#.## ##.#######...###


There were no monsters in sight!

Vanquished Creatures
  2 dart slugs
  4 ball pythons
  2 endoplasms (D:1)
  2 giant cockroaches
  3 goblins
  A hobgoblin (D:2)
  3 jackals (D:2)
  5 kobolds
  3 quokkas
  5 bats
  2 frilled lizards (D:1)
  A rat (D:2)
33 creatures vanquished.

Vanquished Creatures (others)
  A bat (D:1)
1 creature vanquished.

Grand Total: 34 creatures vanquished

Notes
Turn   | Place    | Note
-------+----------+-------------------------------------------
     0 | D:1      | mandarbmax the Octopode Transmuter began the quest for the
                  | Orb.
     0 | D:1      | Reached XP level 1. HP: 13/13 MP: 3/3
   174 | D:1      | Learned a level 1 spell: Animate Skeleton
   418 | D:1      | Reached XP level 2. HP: 18/18 MP: 3/5
   441 | D:1      | Learned a level 2 spell: Wereblood
   743 | D:1      | Found a faded altar of an unknown god.
   760 | D:1      | Prayed at the altar of an unknown god.
   760 | D:1      | Became a worshipper of Jiyva Jequ the Shapeless
   760 | D:1      | Reached * piety under Jiyva
   781 | D:1      | Reached skill level 4 in Unarmed Combat
   901 | D:1      | Reached XP level 3. HP: 23/23 MP: 6/6
  1377 | D:2      | Reached ** piety under Jiyva
  1527 | D:2      | Noticed Sigmund
  1539 | D:2      | Slain by Sigmund

Illustrated notes

Levels and vault maps discovered:
D:1:      lemuel_arrival_river_ford, layout_loops_ring,
          dreamdust_ecumenical_altar_statues
D:2:      layout_loops_cross, uniq_sigmund

Skill      XL: |  1  2 |
---------------+-------+-----
Unarmed Combat | 4 |  4.0
Fighting       | |  1.0
Dodging        | |  2.4
Spellcasting   | |  2.3
Transmutations | |  2.0

Action                   || total
-------------------------++-------
Melee: Unarmed           ||    61
       Constrict         ||    19
       Tentacles         ||    13
       Kick              ||    15
 Cast: Beastly Appendage ||    21
       Wereblood         ||     1
  Use: Potion            ||     2
       Scroll            ||     1
 Stab: Sleeping          ||     6
Armor: Skin              ||     5
Dodge: Dodged            ||    36

Table legend: (Time is in decaauts)
 A = Elapsed time spent in this place.
 B = Non-inter-level travel time spent in this place.
 C = Inter-level travel time spent in this place.
 D = Time resting spent in this place.
 E = Time spent auto-exploring this place.
 F = Levels seen in this place.
 G = Mean time per level.
                   A        B        C        D        E       F      G
               +--------+--------+--------+--------+--------+-----+--------+
         Total |   1534 |   1512 |     22 |    208 |   1068 |   2 |  767.0 |
       Dungeon |   1534 |   1512 |     22 |    208 |   1068 |   2 |  767.0 |
               +--------+--------+--------+--------+--------+-----+--------+

Top non-repeatable levels by time:
     D:1: 1203 daAuts
     D:2: 331 daAuts
